[Event "Srdja Dragasevic Memorial-A 2024"]
[Site "Cetinje"]
[Date "2024.06.25"]
[Round "5.1"]
[White "Petrov, Nikita"]
[Black "Tadic, Stefan"]
[Result "1-0"]
[ECO "A07"]
[WhiteElo "2566"]
[BlackElo "2421"]
[Annotator "TA"]
[PlyCount "79"]
[EventDate "2024.06.23"]
[EventType "swiss"]
[EventCountry "MNE"]
[SourceTitle "playchess.com"]
[Source "ChessBase"]
[SourceQuality "1"]
[TimeControl "40/5400+30:1800+30"]

1. Nf3 d5 2. g3 g6 3. c4 d4 4. b4 c5 5. b5 Bg7 6. d3 e5 7. Bg2 Ne7 8. O-O {[%emt 0:01:01] The position is equal.} O-O 9. a4 a5 10. Ra2 h6 11. e3 g5 12. exd4 cxd4 (12... exd4 $16 13. h4 g4) 13. Ba3 Re8 14. Re1 Ng6 15. Nfd2 f5 (15... Bf8 $16 16. Bxf8 Rxf8) 16. Nb3 Nd7 17. c5 {[%emt 0:06:56] Wards off Nb6} Nf6 18. N1d2 Nd5 {[%emt 0:12:07][%cal Oe5e4] [#]} 19. Nxd4 Kh7 (19... Ndf4 $16 20. gxf4 Qxd4) 20. Ne2 $18 Nb4 (20... Bf8 $142 21. Nc4 Be6) 21. Bxb4 axb4 22. Nc4 Bf8 23. c6 Rb8 24. Rd2 bxc6 25. Bxc6 Bb7 26. d4 {[%emt 0:01:12] aiming for dxe5.} Bxc6 27. bxc6 {[%emt 0:00:04] Threatens to win with dxe5.} Qd5 28. c7 Qxc4 29. cxb8=Q ({But not} 29. cxb8=N Rxb8 30. dxe5 Nxe5) 29... Rxb8 30. dxe5 Nxe5 31. Nd4 {[%emt 0:00:15] Repels Nf3+} Bg7 32. Nxf5 Rf8 33. Nd4 Rd8 (33... Kh8 $142 34. Qb1 b3) 34. Re3 g4 35. Nb3 Rf8 36. Rd4 Qc6 {[%emt 0:00:01] [#]} 37. Rxe5 Bxe5 38. Rxb4 h5 39. Rb5 Qe4 40. Nc5 {[%emt 0:00:00] Weighted Error Value: White=0.14 (very precise) /Black=0.34.  Mistake:       	White=1     	Black=5      Inaccurate:     	---       	Black=2      OK:         	White=15    	Black=14     Best:        	White=1     	---} 1-0

[Event "Srdja Dragasevic Memorial-A 2024"]
[Site "Cetinje"]
[Date "2024.06.25"]
[Round "5.2"]
[White "Saraci, Nderim"]
[Black "Mammadova, Narmin"]
[Result "1/2-1/2"]
[ECO "D78"]
[WhiteElo "2449"]
[BlackElo "2277"]
[Annotator "TA"]
[PlyCount "100"]
[EventDate "2024.06.23"]
[EventType "swiss"]
[EventCountry "MNE"]
[SourceTitle "playchess.com"]
[Source "ChessBase"]
[SourceQuality "1"]
[TimeControl "40/5400+30:1800+30"]

1. d4 d5 2. Nf3 Nf6 3. g3 g6 4. Bg2 Bg7 5. c4 c6 6. O-O O-O 7. b3 b6 8. Bb2 Bb7 9. Nc3 Nbd7 10. Qc2 {[%emt 0:06:28] White has an edge.} Rc8 11. e4 dxe4 12. Nxe4 Nxe4 13. Qxe4 Rc7 14. Rfe1 {[%emt 0:06:55] White is more active.} ({White should try} 14. Qc2 $14) 14... e6 $11 15. Qe2 c5 16. dxc5 Nxc5 17. Rad1 Qe7 18. Bxg7 Kxg7 19. Ne5 Bxg2 20. Kxg2 Rd8 21. Rxd8 Qxd8 22. Rd1 Qe7 23. Qf3 (23. h4 {simplifies} f6 24. Nd3 Nxd3 25. Qxd3 e5 26. Qd5) 23... Qf6 24. Qe3 Qf5 {[%emt 0:01:15] Prevents Ng4} 25. f3 {[%emt 0:07:50] Threatening g4.} f6 26. Ng4 g5 $1 27. b4 Nd7 28. Qd4 {[%emt 0:02:16] [#] Qd6 would now be deadly.} h5 29. Ne3 Qe5 30. Qd2 (30. f4 {simplifies} Qxd4 31. Rxd4 Kf7 32. a3) 30... Nf8 31. Qd8 Ng6 32. Kf2 Rf7 33. Rd4 Ne7 $2 {[%emt 0:00:31][%mdl 8192] [#]} (33... f5 $11) 34. b5 $2 ({Only move:} 34. f4 $1 $18 gxf4 35. gxf4) 34... Nf5 $15 35. Nxf5+ exf5 {[%emt 0:00:08][%mdl 4096] Endgame. KQR-KQR} (35... Qxf5 $15 {should be considered.} 36. Rd2 g4) 36. Qd5 {[%emt 0:00:30] The position is equal.} Rc7 37. a4 Qxd5 (37... h4 {seems wilder.} 38. Rd2 hxg3+ 39. hxg3 f4) 38. cxd5 $11 {[%emt 0:00:44] KR-KR} Kf7 39. Ke3 Rc3+ 40. Rd3 Rc4 41. Rd4 Rc8 42. Kd3 Rc5 43. d6 {[%emt 0:00:56] Strongly threatening d7.} Rc8 44. Rc4 Rxc4 45. Kxc4 {[%emt 0:00:02] KP-KP} Ke6 46. d7 Kxd7 47. Kd5 h4 $1 48. gxh4 gxh4 49. f4 {[%emt 0:05:39] White threatens h3 and mate.} h3 50. Kc4 {[%emt 0:00:04] Hoping for Kd5.} Kd6 {[%emt 0:02:47] Weighted Error Value: White=0.22 (precise) /Black=0.23 (precise) .  Loses game:     	---       	Black=1      Missed win:     	White=1     	---        Mistake:       	White=1     	Black=1      Inaccurate:     	White=2     	Black=2      OK:         	White=21    	Black=18     Best:        	---       	Black=1      Strong:       	---       	Black=2} 1/2-1/2

[Event "Srdja Dragasevic Memorial-A 2024"]
[Site "Cetinje"]
[Date "2024.06.25"]
[Round "5.3"]
[White "Kosic, Dragan"]
[Black "Karthik Venkataraman"]
[Result "0-1"]
[ECO "E12"]
[WhiteElo "2382"]
[BlackElo "2590"]
[Annotator "TA"]
[PlyCount "56"]
[EventDate "2024.06.23"]
[EventType "swiss"]
[EventCountry "MNE"]
[SourceTitle "playchess.com"]
[Source "ChessBase"]
[SourceQuality "1"]
[TimeControl "40/5400+30:1800+30"]

1. d4 Nf6 2. Nf3 b6 3. c4 Bb7 4. Nc3 e6 5. a3 d6 6. Bf4 g6 7. e3 Bg7 8. Be2 {[%emt 0:00:05] The position is equal.} Nbd7 9. O-O O-O 10. Qc2 Nh5 11. Bg5 f6 (11... Qc8 $11) 12. Bh4 $16 g5 13. Nd2 (13. d5 $5 gxh4 14. dxe6 $16 (14. Nd4 f5 $11)) 13... gxh4 14. Bxh5 f5 15. Bf3 c6 16. Rad1 Kh8 17. Rfe1 a6 18. Nb3 (18. Ne2 $14 {might be stronger.}) 18... Qe7 19. Rd2 ({White should try} 19. c5 $14) 19... e5 $11 20. dxe5 (20. Be2 $11 {keeps the balance.}) 20... Nxe5 $17 21. Be2 {[%emt 0:00:07] [#]} (21. Nd4 $17 {was necessary.}) 21... f4 $1 $19 22. exf4 Rxf4 23. Qd1 (23. Rf1 {was worth a try.}) 23... Raf8 {[%emt 0:01:27] aiming for ...h3.} (23... Nxc4 $2 {is the wrong capture.} 24. Bxc4 Qf8 25. Nd4 $18) 24. Bf1 $2 (24. Rf1 Nf7 (24... Nxc4 25. Bxc4 Rxc4 26. Rxd6 $17) 25. Rd3) 24... c5 25. Nd5 Bxd5 26. Rxd5 Rxf2 27. Rxd6 (27. Nd2 $142 h3 28. Re2) 27... Qg5 {[%emt 0:04:21] [#] White must now prevent ...h3.} 28. Kh1 Qf4 {[%emt 0:01:13] Weighted Error Value: White=0.84/Black=0.10 (very precise) .  Mistake:       	White=7     	Black=1      Inaccurate:     	White=2     	Black=4      OK:         	White=5     	Black=11     Best:        	White=2     	Black=1      Strong:       	---       	Black=1} 0-1

[Event "Srdja Dragasevic Memorial-A 2024"]
[Site "Cetinje"]
[Date "2024.06.25"]
[Round "5.4"]
[White "Sukovic, Andrej"]
[Black "Djukic, Nikola"]
[Result "1/2-1/2"]
[ECO "A36"]
[WhiteElo "2350"]
[BlackElo "2532"]
[Annotator "TA"]
[PlyCount "93"]
[EventDate "2024.06.23"]
[EventType "swiss"]
[EventCountry "MNE"]
[SourceTitle "playchess.com"]
[Source "ChessBase"]
[SourceQuality "1"]
[TimeControl "40/5400+30:1800+30"]

1. c4 g6 2. Nc3 c5 3. g3 Bg7 4. Bg2 Nc6 5. d3 Nf6 6. e4 d6 7. Nge2 a6 8. a3 Rb8 9. Rb1 b5 10. cxb5 axb5 11. b4 O-O 12. O-O cxb4 13. axb4 e5 14. Kh1 Nh5 15. Be3 Nd4 16. Nd5 {[%emt 0:06:55] White is slightly better.} Bg4 17. f3 Be6 18. g4 (18. Nxd4 $11 {should be considered.} exd4 19. Bf2) 18... Nxe2 19. gxh5 Nd4 20. h6 {[%emt 0:00:00] [#]} Bh8 21. Nc3 f5 (21... Qh4 $17 22. Rc1 Rbc8) 22. f4 $11 exf4 23. Bxf4 Be5 24. Bxe5 dxe5 25. exf5 Nxf5 (25... gxf5 26. Qe1 Qf6 27. Ne2 $11) 26. Qe1 Qd4 (26... Qxd3 $2 27. Qxe5 Qe3 28. Rxf5 Qxe5 29. Rxe5 $18) 27. Ne2 Qb6 (27... Qxd3 28. Nf4 $16) 28. Ng3 (28. Rc1 {simplifies} Rfc8 29. Rxc8+ Rxc8 30. Qa1) 28... Nxh6 29. Qxe5 Ng4 30. Rxf8+ Rxf8 31. Qc5 Qd8 {[%emt 0:00:00] ...Qh4 is the strong threat.} 32. Rf1 Rxf1+ 33. Bxf1 Qh4 34. Qg1 Qf6 35. Qc5 {[%emt 0:01:27] [#]} Qf3+ (35... Nxh2 $1 $17 36. Be2 (36. Kxh2 $2 Qh4+ 37. Kg1 Qxg3+ 38. Kh1 Bh3 $17) 36... Ng4 37. Bxg4 Bxg4) 36. Kg1 Bd5 (36... Qe3+ {simplifies} 37. Qxe3 Nxe3 38. d4 Bc4) 37. Qc8+ (37. Ne4 $1 $11 Ne3 (37... Bxe4 38. dxe4 Ne3 39. Qxb5 $17) 38. Nf2) 37... Kg7 $15 38. Qc3+ Kg8 ({Black should play} 38... Kh6 $1 $15 39. Qd2+ Qe3+ (39... Ne3 40. Bh3 $11) 40. Qxe3+ Nxe3) 39. Qc8+ $11 Kg7 (39... Kf7 $11 40. Qd7+ Kf8 41. Qd8+ Kg7 42. Qe7+ Kh8) 40. Qc3+ $15 Kh6 $1 41. Qd2+ Qe3+ ({But not} 41... Ne3 42. Bh3 $11) 42. Qxe3+ Nxe3 43. Ne2 Nc2 {[%emt 0:00:42] Prevents Nd4} 44. Bg2 Nxb4 {[%emt 0:00:32] Threatens to win with ...Bxg2. Black is better.} 45. Nc3 Bxg2 46. Kxg2 Nxd3 {[%emt 0:00:04] And now ...b4 would win.} 47. Nxb5 {[%emt 0:00:06] Weighted Error Value: White=0.11 (very precise) /Black=0.11 (very precise) .  Mistake:       	White=2     	Black=4      Inaccurate:     	White=4     	Black=1      OK:         	White=14    	Black=7      Best:        	White=3     	Black=7      Strong:       	---       	Black=1} 1/2-1/2

[Event "Srdja Dragasevic Memorial-A 2024"]
[Site "Cetinje"]
[Date "2024.06.25"]
[Round "5.5"]
[White "Kolmakov, Ivan D."]
[Black "Milanovic, Danilo"]
[Result "0-1"]
[ECO "B40"]
[WhiteElo "1902"]
[BlackElo "2438"]
[Annotator "TA"]
[PlyCount "62"]
[EventDate "2024.06.23"]
[EventType "swiss"]
[EventCountry "MNE"]
[SourceTitle "playchess.com"]
[Source "ChessBase"]
[SourceQuality "1"]
[TimeControl "40/5400+30:1800+30"]

1. e4 c5 2. Nf3 e6 3. a3 b6 4. d4 cxd4 5. Nxd4 Bb7 6. Nc3 a6 {[%emt 0:03:07] Dodges Ndb5} 7. Be2 d6 8. f4 {[%emt 0:04:57] White has an edge.} Nf6 9. Bf3 Ra7 (9... d5 $14) 10. Be3 Be7 11. Qe2 Nbd7 12. g4 (12. Bf2 $14) 12... Qa8 $11 13. O-O-O Nxe4 14. Nxe4 Bxe4 15. Bf2 (15. Bxe4 $11 Qxe4 16. Rhe1) 15... Bxf3 16. Nxf3 O-O 17. g5 Re8 (17... Rc7 $17 18. Kb1 e5) 18. h4 Rc7 19. h5 (19. Kb1 $11) 19... Qc6 ({Black should play} 19... Rec8 $17 {Hoping for ...Rxc2+.} 20. Nd4 e5) 20. g6 {[%emt 0:02:35] [#]} Qc4 $1 21. gxf7+ Kxf7 22. Rd3 ({White should try} 22. Qxc4 Rxc4 23. Bd4) 22... Nc5 (22... Qxf4+ 23. Kb1 Rec8 24. c3 $15) (22... Qa2 $17 {aiming for ...Qa1+.} 23. Re1 Nc5) 23. Bxc5 Rxc5 24. Nd4 (24. Kb1 $11) 24... Bf6 $36 {[%emt 0:00:55][%mdl 2048] Keeping White busy.} 25. b3 Qd5 {[%emt 0:00:18] Chess con chili.} 26. Nf3 Qf5 {[%emt 0:00:55] Black is more active.} 27. Qe3 (27. Ng5+ $17 Bxg5 28. fxg5 Qxg5+ 29. Kb1) 27... h6 $19 28. Nd2 (28. Nd4 $142 Qg4 29. Qf2) 28... d5 29. b4 Rc6 30. Nf3 Rc4 {[%emt 0:06:56] ...Rec8 would now be deadly.} 31. Qxb6 $2 {[%emt 0:01:00] [#]} (31. Ne5+ $19 Bxe5 32. fxe5) 31... Qxd3 {[%emt 0:00:24] Weighted Error Value: White=0.54/Black=0.24 (precise) .  Mistake:       	White=8     	Black=4      Inaccurate:     	White=3     	Black=1      OK:         	White=6     	Black=9      Best:        	White=3     	Black=2      Strong:       	---       	Black=1} 0-1

[Event "Srdja Dragasevic Memorial-A 2024"]
[Site "Cetinje"]
[Date "2024.06.25"]
[Round "5.6"]
[White "Kalezic, Blazo"]
[Black "Xie, Bryan"]
[Result "1/2-1/2"]
[ECO "B40"]
[WhiteElo "2398"]
[BlackElo "2281"]
[Annotator "RC"]
[PlyCount "29"]
[EventDate "2024.06.23"]
[EventType "swiss"]
[EventCountry "MNE"]
[SourceTitle "playchess.com"]
[Source "ChessBase"]
[SourceQuality "1"]
[TimeControl "40/5400+30:1800+30"]

1. e4 c5 2. Nf3 e6 3. b3 Nc6 4. Bb2 a6 5. c4 Qc7 6. Nc3 Nf6 7. Bd3 Nd4 8. Nxd4 cxd4 9. Ne2 e5 10. O-O d6 11. f4 h5 12. b4 b6 13. Rc1 Bb7 14. Qe1 h4 15. Bc2 1/2-1/2

[Event "Srdja Dragasevic Memorial-A 2024"]
[Site "Cetinje"]
[Date "2024.06.25"]
[Round "5.7"]
[White "Mammadov, Zaur"]
[Black "Hart, Alexander"]
[Result "1/2-1/2"]
[ECO "A46"]
[WhiteElo "2426"]
[BlackElo "1949"]
[Annotator "RC"]
[PlyCount "110"]
[EventDate "2024.06.23"]
[EventType "swiss"]
[EventCountry "MNE"]
[SourceTitle "playchess.com"]
[Source "ChessBase"]
[SourceQuality "1"]
[TimeControl "40/5400+30:1800+30"]

1. Nf3 Nf6 2. g3 b5 3. Bg2 Bb7 4. d4 e6 5. O-O Be7 6. a4 b4 7. c4 bxc3 8. Nxc3 O-O 9. Bf4 Na6 10. Rc1 Nh5 11. Bd2 c5 12. dxc5 Nxc5 13. b4 Ne4 14. Nxe4 Bxe4 15. Bc3 Nf6 16. b5 a6 17. Ne5 Bxg2 18. Kxg2 axb5 19. axb5 Qb6 20. Qd3 Rfd8 21. Rfd1 Nd5 22. Be1 Ra3 23. Qb1 Qb7 24. Kg1 Rda8 25. Nc4 Ra1 26. Qxa1 Rxa1 27. Rxa1 Qxb5 28. e4 Qxc4 29. Ra8+ Bf8 30. exd5 h5 31. dxe6 fxe6 32. Rd8 d5 33. Ra1 Kf7 34. Ra7+ Kg6 35. Re8 Qe4 36. Rxf8 Qxe1+ 37. Kg2 Qe4+ 38. Rf3 d4 39. h4 Qd5 40. Raa3 e5 41. Kh2 e4 42. Rfb3 d3 43. Rb1 Qf5 44. Ra2 Qd5 45. Rab2 Qc4 46. Kg1 Kf5 47. Rb4 Qc2 48. R4b2 Qc4 49. Rb6 d2 50. R6b5+ Kg6 51. Rg5+ Kf6 52. Rb6+ Kf7 53. Rb7+ Kf6 54. Rb6+ Kf7 55. Rb7+ Kf6 1/2-1/2

[Event "Srdja Dragasevic Memorial-A 2024"]
[Site "Cetinje"]
[Date "2024.06.25"]
[Round "5.8"]
[White "Alimpic, Aleksa"]
[Black "Yaksin, Oleg"]
[Result "1/2-1/2"]
[ECO "A45"]
[WhiteElo "2281"]
[BlackElo "2389"]
[Annotator "RC"]
[PlyCount "188"]
[EventDate "2024.06.23"]
[EventType "swiss"]
[EventCountry "MNE"]
[SourceTitle "playchess.com"]
[Source "ChessBase"]
[SourceQuality "1"]
[TimeControl "40/5400+30:1800+30"]

1. d4 Nf6 2. Bg5 e6 3. e4 h6 4. Bxf6 Qxf6 5. Nc3 b6 6. e5 Qe7 7. Nf3 Bb7 8. Be2 g6 9. d5 Qc5 10. dxe6 dxe6 11. Bb5+ Nc6 12. O-O Bg7 13. Re1 a6 14. Bxc6+ Qxc6 15. Ne4 O-O 16. Qe2 Rad8 17. h4 Rd5 18. c4 Rd7 19. Qe3 Rfd8 20. Qf4 Rd3 21. b3 Qe8 22. Re3 Rxe3 23. Qxe3 Qc6 24. Nf6+ Kf8 25. Re1 Ke7 26. Ng4 Qc5 27. Qf4 Bxf3 28. Qxf3 Qd4 29. Nf6 Qd2 30. Re2 Qd1+ 31. Kh2 Qd4 32. g3 Kf8 33. h5 gxh5 34. Kg2 h4 35. Re4 Qd1 36. gxh4 Qxf3+ 37. Kxf3 Ke7 38. Nh5 Bh8 39. Ke2 Rg8 40. Ng3 Rd8 41. Nh5 Rg8 42. Ng3 Kd7 43. Kf3 Rg6 44. Ne2 Bg7 45. Ng3 Bh8 46. Rf4 Ke8 47. Re4 Ke7 48. Kf4 Rg8 49. Ke3 a5 50. a3 a4 51. b4 Rd8 52. Ke2 c6 53. f4 f5 54. exf6+ Kxf6 55. h5 Bg7 56. c5 b5 57. Re3 Kf7 58. f5 Re8 59. Ne4 Be5 60. f6 Rd8 61. Rf3 Rd4 62. Ke3 Rd1 63. Ke2 Rd5 64. Rf1 Bb2 65. Rf3 Rxh5 66. Rg3 Kf8 67. Rg7 Bxf6 68. Rc7 Rh2+ 69. Kf3 Bb2 70. Rxc6 Bxa3 71. Rb6 Rb2 72. Rxb5 Rxb4 73. Ra5 Rc4 74. Ke3 Bb2 75. Kd3 Rd4+ 76. Ke3 a3 77. c6 Rc4 78. Ra8+ Kg7 79. Ra7+ Kg6 80. c7 Be5 81. Rxa3 Bxc7 82. Rc3 Rxc3+ 83. Nxc3 h5 84. Ne4 h4 85. Kf3 Kf5 86. Nc5 h3 87. Ne4 Bf4 88. Nc5 e5 89. Ne4 h2 90. Nf2 e4+ 91. Kg2 e3 92. Nd3 e2 93. Ne1 Ke4 94. Nc2 Bg3 1/2-1/2

[Event "Srdja Dragasevic Memorial-A 2024"]
[Site "Cetinje"]
[Date "2024.06.25"]
[Round "5.9"]
[White "Pecurica, Milos"]
[Black "Arora Honi"]
[Result "1-0"]
[ECO "D46"]
[WhiteElo "2338"]
[BlackElo "2082"]
[Annotator "RC"]
[PlyCount "55"]
[EventDate "2024.06.23"]
[EventType "swiss"]
[EventCountry "MNE"]
[SourceTitle "playchess.com"]
[Source "ChessBase"]
[SourceQuality "1"]
[TimeControl "40/5400+30:1800+30"]

1. d4 d5 2. c4 c6 3. Nf3 Nf6 4. Nc3 e6 5. e3 Nbd7 6. Qc2 Bd6 7. Bd3 O-O 8. O-O dxc4 9. Bxc4 b5 10. Be2 Bb7 11. e4 e5 12. dxe5 Nxe5 13. Nd4 Neg4 14. Nf5 Bxh2+ 15. Kh1 Bb8 16. Bg5 Qc7 17. f4 b4 18. e5 Nxe5 19. Bxf6 gxf6 20. Ne4 Nd7 21. Rad1 c5 22. Qb3 Kh8 23. Ned6 Nb6 24. Nxf7+ Rxf7 25. Rd8+ Qxd8 26. Qxf7 Bxg2+ 27. Kg1 Qd4+ 28. Rf2 1-0

[Event "Srdja Dragasevic Memorial-A 2024"]
[Site "Cetinje"]
[Date "2024.06.25"]
[Round "5.10"]
[White "Tomic, Aleksandar"]
[Black "Skvortsov, Andrei"]
[Result "1/2-1/2"]
[ECO "A22"]
[WhiteElo "2388"]
[BlackElo "2331"]
[Annotator "RC"]
[PlyCount "55"]
[EventDate "2024.06.23"]
[EventType "swiss"]
[EventCountry "MNE"]
[SourceTitle "playchess.com"]
[Source "ChessBase"]
[SourceQuality "1"]
[TimeControl "40/5400+30:1800+30"]

1. c4 e5 2. Nc3 Nf6 3. e3 d5 4. cxd5 Nxd5 5. Qc2 Nxc3 6. dxc3 Bd6 7. Nf3 O-O 8. e4 Nd7 9. Be2 Qe7 10. O-O a5 11. Rd1 Bc5 12. Nd2 Qh4 13. Rf1 c6 14. a4 Re8 15. Nf3 Qf6 16. Nd2 Qg6 17. Qd3 Nf8 18. Qg3 Qf6 19. Qf3 Qe7 20. Nc4 Ng6 21. g3 Bh3 22. Rd1 Be6 23. Be3 f6 24. Bxc5 Qxc5 25. Qe3 Qxe3 26. Nxe3 Nf8 27. f3 g6 28. Bc4 1/2-1/2

[Event "Srdja Dragasevic Memorial-A 2024"]
[Site "Cetinje"]
[Date "2024.06.25"]
[Round "5.11"]
[White "Levi, Netanel"]
[Black "Damljanovic, Branko"]
[Result "0-1"]
[ECO "B51"]
[WhiteElo "2152"]
[BlackElo "2364"]
[Annotator "RC"]
[PlyCount "58"]
[EventDate "2024.06.23"]
[EventType "swiss"]
[EventCountry "MNE"]
[SourceTitle "playchess.com"]
[Source "ChessBase"]
[SourceQuality "1"]
[TimeControl "40/5400+30:1800+30"]

1. e4 c5 2. Nf3 d6 3. Bb5+ Nd7 4. O-O Ngf6 5. Re1 a6 6. Bf1 b5 7. a4 Bb7 8. axb5 axb5 9. Rxa8 Qxa8 10. Nc3 b4 11. Nb5 Qb8 12. d4 e5 13. dxe5 dxe5 14. Nh4 Bc6 15. Qd3 g6 16. f4 Be7 17. Nf3 O-O 18. c4 Rd8 19. Qc2 Nh5 20. f5 Ndf6 21. Bg5 gxf5 22. Nh4 Ng7 23. exf5 e4 24. Qf2 Ng4 25. Qf4 Qxf4 26. Bxf4 Bxh4 27. g3 Bf6 28. Na7 Bd4+ 29. Kg2 Bb7 0-1

[Event "Srdja Dragasevic Memorial-A 2024"]
[Site "Cetinje"]
[Date "2024.06.25"]
[Round "5.12"]
[White "Vujosevic, Vladimir"]
[Black "Willy, Stephen"]
[Result "0-1"]
[ECO "C70"]
[WhiteElo "2306"]
[BlackElo "2046"]
[Annotator "RC"]
[PlyCount "72"]
[EventDate "2024.06.23"]
[EventType "swiss"]
[EventCountry "MNE"]
[SourceTitle "playchess.com"]
[Source "ChessBase"]
[SourceQuality "1"]
[TimeControl "40/5400+30:1800+30"]

1. e4 e5 2. Nf3 Nc6 3. Bb5 a6 4. Ba4 f5 5. Bxc6 dxc6 6. Nc3 Nf6 7. Qe2 Bd6 8. d3 O-O 9. exf5 Bxf5 10. Bg5 h6 11. Bxf6 Qxf6 12. Ne4 Qf7 13. Nfd2 a5 14. a4 Qg6 15. f3 h5 16. h4 Bb4 17. Ng5 Rad8 18. O-O Qd6 19. Nc4 Qd4+ 20. Qf2 Bc5 21. Qxd4 Rxd4 22. Kh2 Rxh4+ 23. Kg3 Rd4 24. Nxa5 Be7 25. Nh3 Rf6 26. Nc4 Rg6+ 27. Kh2 Bh4 28. Nf2 Bg3+ 29. Kg1 Rh4 30. Rfe1 Rh2 31. Ne3 Bf4 32. Nfd1 h4 33. Kf1 Be6 34. Ke2 Bh3 35. Rg1 Bxg2 36. Nf2 Rg3 0-1

[Event "Srdja Dragasevic Memorial-A 2024"]
[Site "Cetinje"]
[Date "2024.06.25"]
[Round "5.13"]
[White "Vujovic, Savo"]
[Black "Pusara, Mihailo"]
[Result "1-0"]
[ECO "B68"]
[WhiteElo "2230"]
[BlackElo "2117"]
[Annotator "RC"]
[PlyCount "99"]
[EventDate "2024.06.23"]
[EventType "swiss"]
[EventCountry "MNE"]
[SourceTitle "playchess.com"]
[Source "ChessBase"]
[SourceQuality "1"]
[TimeControl "40/5400+30:1800+30"]

1. e4 c5 2. Nf3 d6 3. d4 cxd4 4. Nxd4 Nf6 5. Nc3 Nc6 6. Bg5 e6 7. Qd2 a6 8. O-O-O Bd7 9. f4 Be7 10. Nf3 b5 11. Bd3 b4 12. Ne2 Qb6 13. f5 e5 14. Bxf6 gxf6 15. Bc4 h5 16. Kb1 Rh7 17. Ng3 O-O-O 18. Nf1 Na5 19. Bd5 Bf8 20. Qe3 Qc5 21. c4 Bh6 22. Qe2 Kc7 23. Ne1 Bf8 24. Nd3 Qb6 25. Ne3 b3 26. axb3 Nxb3 27. c5 Nxc5 28. Nxc5 dxc5 29. Bc4 Bc6 30. Rxd8 Kxd8 31. Qd3+ Kc7 32. Bxa6 Be7 33. Bc4 Qb7 34. Bd5 Bb5 35. Qd2 Qa6 36. Bb3 Bc6 37. Bd5 Bb5 38. Bb3 Bc6 39. Nd5+ Bxd5 40. Qxd5 Qb7 41. Qd3 Bd6 42. Rd1 Qc6 43. Ba4 Qb6 44. Qd5 Rg7 45. g3 h4 46. g4 Qa6 47. h3 Qb6 48. Qa8 Rh7 49. Qg8 Qa6 50. Bc2 1-0

[Event "Srdja Dragasevic Memorial-A 2024"]
[Site "Cetinje"]
[Date "2024.06.25"]
[Round "5.14"]
[White "Pogorelskikh, Sofia"]
[Black "Guleryuz, Kuzey"]
[Result "0-1"]
[ECO "C16"]
[WhiteElo "2216"]
[BlackElo "1971"]
[Annotator "RC"]
[PlyCount "88"]
[EventDate "2024.06.23"]
[EventType "swiss"]
[EventCountry "MNE"]
[SourceTitle "playchess.com"]
[Source "ChessBase"]
[SourceQuality "1"]
[TimeControl "40/5400+30:1800+30"]

1. e4 e6 2. d4 d5 3. Nc3 Bb4 4. e5 Ne7 5. Nge2 c5 6. a3 cxd4 7. axb4 dxc3 8. Nxc3 Nbc6 9. b5 Nxe5 10. Qd4 f6 11. Be2 Nf5 12. Qb4 b6 13. f4 Nd7 14. O-O Bb7 15. Bg4 g6 16. Re1 Kf7 17. Ne2 Nc5 18. Bxf5 gxf5 19. Nd4 Ne4 20. Qb3 h5 21. Qf3 h4 22. Be3 Qc7 23. Ra3 Bc8 24. Rea1 Bd7 25. Bf2 Kg6 26. Qe2 Rh7 27. Nf3 Nxf2 28. Qxf2 Qxf4 29. Ra4 Qc7 30. Nxh4+ Kf7 31. Qg3 Qc5+ 32. Kh1 Rg7 33. Qf3 Qxc2 34. Qh5+ Ke7 35. Re1 Kd6 36. Raa1 Bxb5 37. Rac1 Qd2 38. Qf3 Qg5 39. Qa3+ Kd7 40. Qc3 Bc4 41. b3 Qxh4 42. bxc4 Rh8 43. h3 Rg3 44. Re3 Qxh3+ 0-1

[Event "Srdja Dragasevic Memorial-A 2024"]
[Site "Cetinje"]
[Date "2024.06.25"]
[Round "5.15"]
[White "Abdulkarimli, Eljan"]
[Black "Koljevic, Nikolina"]
[Result "1-0"]
[ECO "D42"]
[WhiteElo "2124"]
[BlackElo "2010"]
[Annotator "RC"]
[PlyCount "51"]
[EventDate "2024.06.23"]
[EventType "swiss"]
[EventCountry "MNE"]
[SourceTitle "playchess.com"]
[Source "ChessBase"]
[SourceQuality "1"]
[TimeControl "40/5400+30:1800+30"]

1. e4 c6 2. c4 d5 3. exd5 cxd5 4. cxd5 Nf6 5. Nc3 Nxd5 6. Nf3 e6 7. d4 Be7 8. Bd3 Nc6 9. O-O O-O 10. Re1 Bf6 11. Be4 a6 12. a3 Nce7 13. h4 b5 14. Qd3 g6 15. h5 Ra7 16. g3 Bb7 17. Kg2 Nxc3 18. bxc3 Bxe4 19. Rxe4 Qd5 20. Bf4 Rc8 21. hxg6 hxg6 22. Be5 Kg7 23. Rh1 Ng8 24. Qe3 Rxc3 25. Bxf6+ Kxf6 26. Rf4+ 1-0